 Dungeon Crawl Stone Soup version 0.28-a0-413-gde365fb1df (webtiles) character file.

Game seed: 11715454518269530276

998155 Decipherer the Minotaur Barricade (level 27, -14/273 HPs)
             Began as a Minotaur Berserker on Sept 6, 2021.
             Was the Champion of Trog.
             Killed from afar by Cerebov (26 damage)
             ... with a great blast of fire
             ... in Pandemonium on Sept 7, 2021.
             The game lasted 06:14:13 (103986 turns).

Decipherer the Minotaur Barricade (MiBe)          Turns: 103986, Time: 06:14:13

Health: -14/273    AC: 46    Str: 21 (22) XL:     27
Magic:  17/17      EV: 17    Int:  6 (8)  God:    Trog [******]
Gold:   9884       SH: 19    Dex: 18 (19) Spells: 26/26 levels left

rFire   + + .      SeeInvis +   L - +7 broad axe of Tortfeasance {vorpal, rF+ SInv}
rCold   + + +      Faith    .   n - +0 kite shield {rF+}
rNeg    + + .      Spirit   .   O - +8 gold dragon scales
rPois   +          Reflect  .   (helmet unavailable)
rElec   +          Harm     .   f - +2 cloak {rCorr}
rCorr   +          Rampage  +   F - +1 pair of gloves "Iwkoady" {rC+ rN+ Int+4}
Will    ++++.      Rnd*Tele +   P - +2 pair of boots {rampage}
Stlth   ..........              C - amulet of regeneration
HPRegen 1.55/turn               T - ring "Raproagh" {rElec rF- rC+++ rN+ Will+}
MPRegen 0.15/turn               t - ring of protection from fire

@: fire vulnerable, on berserk cooldown, slowed, unable to read, very slow
A: horns 3, retaliatory headbutt, see invisible, cold resistance 1,
deterioration 2, low mp 2, strong-willed 1, teleportitis 1, weak 2, no potion
heal 1, inability to read while threatened, MP-powered wands
}: 6/15 runes: barnacled, slimy, silver, abyssal, magical, gossamer
a: Renounce Religion, Berserk, Trog's Hand, Brothers in Arms


You were in Pandemonium.
You worshipped Trog.
Trog was exalted by your worship.
You visited 12 branches of the dungeon, and saw 57 of its levels.
You visited Pandemonium 4 times, and saw 12 of its levels.
You visited the Abyss 8 times.
You visited 1 bazaar.
You also visited: Trove and Ice Cave.

You collected 16347 gold pieces.
You spent 6463 gold pieces at shops.

Inventory:

Hand Weapons
 L - the +7 broad axe of Tortfeasance (weapon) {vorpal, rF+ SInv}
   (Trog gifted it to you on level 2 of the Abyss)

   It inflicts extra damage upon your enemies.
   rF:        It protects you from fire.
   SInv:      It lets you see invisible.
 N - the +10 zealot's sword {holy, *Rage rN+ EV+3}
   (You took it off a deep elf high priest on level 3 of the Elven Halls)

   It has been blessed by the Shining One to cause great damage to the undead
   and demons.
   Whenever the wielder enters a berserk rage, their allies are berserked
   alongside them.
   EV:        It affects your evasion (+3).
   rN:        It protects you from negative energy.
   *Rage:     It may make you go berserk in combat.
Missiles
 l - 2 throwing nets (quivered)
 B - 114 poisoned darts
 H - 34 boomerangs
Armour
 f - a +2 cloak of preservation (worn)
 n - a +0 kite shield of fire resistance (worn)
 F - the +1 pair of gloves "Iwkoady" (worn) {rC+ rN+ Int+4}
   (You found it on level 10 of the Dungeon)

   Int:       It affects your intelligence (+4).
   rC:        It protects you from cold.
   rN:        It protects you from negative energy.
 M - a +5 kite shield of reflection
 O - +8 gold dragon scales (worn)
 P - a +2 pair of boots of rampaging (worn)
Jewellery
 t - a ring of protection from fire (right hand)
 C - an amulet of regeneration (around neck)
 T - the ring "Raproagh" (left hand) {rElec rF- rC+++ rN+ Will+}
   (You found it on level 1 of the Lair of Beasts)

   [ring of willpower]

   rF:        It makes you vulnerable to fire.
   rC:        It renders you almost immune to cold.
   rElec:     It insulates you from electricity.
   rN:        It protects you from negative energy.
   Will:      It increases your willpower.
Wands
 e - a wand of acid (20)
 s - a wand of polymorph (70)
 u - a wand of charming (45)
 v - a wand of iceblast (75)
 x - a wand of digging (26)
 D - a wand of paralysis (56)
 G - a wand of flame (150)
 K - a wand of mindburst (15)
Scrolls
 b - 24 scrolls of teleportation
 d - 16 scrolls of fog
 h - 2 scrolls of blinking
 o - 13 scrolls of fear
 q - 7 scrolls of torment
 r - 3 scrolls of summoning
 w - 15 scrolls of magic mapping
 I - 7 scrolls of vulnerability
 Q - 9 scrolls of immolation
 X - 2 scrolls of silence
 Y - 3 scrolls of holy word
Potions
 i - 18 potions of haste
 j - 8 potions of cancellation
 k - 18 potions of flight
 m - 2 potions of invisibility
 p - 4 potions of resistance
 A - 9 potions of ambrosia
 E - 15 potions of might
 R - 27 potions of curing
Miscellaneous
 a - a phial of floods (inert)
 g - a piece from Xom's chessboard (15/15)
 y - a condenser vane
 z - a piece from Xom's chessboard (15/15)
 J - a tin of tremorstones (2/2)
 S - a lightning rod (4/4)
 Z - a box of beasts (inert)


   Skills:
 O Level 27 Fighting
 * Level 26.7 Long Blades
 O Level 27 Axes
 + Level 16.9(23.6) Maces & Flails
 + Level 12.6 Throwing
 + Level 26.8 Armour
 * Level 26.9 Dodging
 + Level 8.8 Stealth
 O Level 27 Shields
 + Level 1.2 Unarmed Combat
 * Level 13.7 Evocations


You had 26 spell levels left.
You didn't know any spells.
Your spell library contained the following spells:

 Spells                   Type           Power      Damage    Failure   Level
 Beastly Appendage        Tmut           0%         N/A       99%         1
 Foxfire                  Conj/Fire      0%         2x1d4     99%         1
 Freeze                   Ice            0%         1d3       99%         1
 Magic Dart               Conj           0%         1d3       99%         1
 Pain                     Necr           0%         1d4       99%         1
 Sandblast                Erth           0%         2d4       99%         1
 Sting                    Tmut/Pois      0%         1d3       99%         1
 Blink                    Tloc           N/A        N/A       100%        2
 Corpse Rot               Necr/Air       N/A        N/A       100%        2
 Ensorcelled Hibernation  Hex/Ice        0%         N/A       100%        2
 Passwall                 Tmut/Erth      0%         N/A       100%        2
 Poisonous Vapours        Pois/Air       0%         N/A       100%        2
 Searing Ray              Conj           0%         2d4       100%        2
 Slow                     Hex            0%         N/A       100%        2
 Static Discharge         Conj/Air       0%         N/A       100%        2
 Sublimation of Blood     Necr           0%         N/A       100%        2
 Wereblood                Tmut           0%         N/A       100%        2
 Conjure Flame            Conj/Fire      0%         6-21      100%        3
 Dazzling Flash           Conj/Hex       0%         N/A       100%        3
 Frozen Ramparts          Ice            0%         1d2       100%        3
 Ignite Poison            Fire/Tmut/Pois 0%         N/A       100%        3
 Inner Flame              Hex/Fire       0%         N/A       100%        3
 Lesser Beckoning         Tloc           0%         N/A       100%        3
 Mephitic Cloud           Conj/Pois/Air  0%         N/A       100%        3
 Ozocubu's Armour         Ice            0%         N/A       100%        3
 Portal Projectile        Hex/Tloc       0%         N/A       100%        3
 Spider Form              Tmut/Pois      0%         N/A       100%        3
 Stone Arrow              Conj/Erth      0%         3d7       100%        3
 Swiftness                Air            0%         N/A       100%        3
 Tukima's Dance           Hex            0%         N/A       100%        3
 Animate Armour           Summ/Erth      0%         N/A       100%        4
 Animate Dead             Necr           0%         N/A       100%        4
 Cause Fear               Hex            0%         N/A       100%        4
 Dispel Undead            Necr           0%         3d6       100%        4
 Flame Wave               Conj/Fire      0%         3d3       100%        4
 Fulminant Prism          Conj/Hex       0%         3d6       100%        4
 Hailstorm                Conj/Ice       0%         3d3       100%        4
 Iskenderun's Mystic Bla  Conj/Tloc      0%         2d3       100%        4
 Olgreb's Toxic Radiance  Pois           0%         N/A       100%        4
 Passage of Golubria      Tloc           N/A        N/A       100%        4
 Petrify                  Tmut/Erth      0%         N/A       100%        4
 Sticky Flame             Conj/Fire      0%         2d3       100%        4
 Summon Lightning Spire   Summ/Air       0%         N/A       100%        4
 Blade Hands              Tmut           0%         N/A       100%        5
 Borgnjor's Vile Clutch   Necr/Erth      0%         N/A       100%        5
 Excruciating Wounds      Necr           0%         N/A       100%        5
 Freezing Cloud           Conj/Ice/Air   0%         6-21      100%        5
 Irradiate                Conj/Tmut      0%         3d13      100%        5
 Lee's Rapid Deconstruct  Erth           0%         3d5*      100%        5
 Manifold Assault         Tloc           0%         N/A       100%        5
 Metabolic Englaciation   Hex/Ice        0%         N/A       100%        5
 Silence                  Hex/Air        0%         N/A       100%        5
 Yara's Violent Unravell  Hex/Tmut       0%         3d3       100%        5
 Death Channel            Necr           0%         N/A       100%        6
 Dispersal                Tloc           0%         N/A       100%        6
 Invisibility             Hex            0%         N/A       100%        6
 Simulacrum               Ice/Necr       0%         N/A       100%        6
 Starburst                Conj/Fire      0%         6d3       100%        6
 Statue Form              Tmut/Erth      0%         N/A       100%        6
 Dragon Form              Tmut           0%         N/A       100%        7
 Ozocubu's Refrigeration  Ice            0%         4d5       100%        7
 Storm Form               Tmut/Air       0%         N/A       100%        7
 Summon Hydra             Summ           0%         N/A       100%        7
 Disjunction              Tloc           0%         N/A       100%        8
 Ignition                 Fire           0%         3d3       100%        8
 Lehudib's Crystal Spear  Conj/Erth      0%         10d2      100%        8
 Maxwell's Capacitive Co  Air            0%         ∞         100%        8
 Chain Lightning          Conj/Air       0%         N/A       100%        9
 Dragon's Call            Summ           0%         N/A       100%        9
 Fire Storm               Conj/Fire      0%         5d1       100%        9
 Shatter                  Erth           0%         3d5*      100%        9


Dungeon Overview and Level Annotations

Branches:
Dungeon (15/15)            Temple (0/1) D:7            Lair (6/6) D:10
 Shoals (4/4) Lair:4       Spider (4/4) Lair:3        Slime (5/5) Lair:6
    Orc (2/2) D:11            Elf (3/3) Orc:2        Vaults (5/5) D:13
  Crypt (3/3) Vaults:2       Tomb (0/3) Crypt:3      Depths (5/5) D:15
   Hell (visited)             Zot (4/5) Depths:5      IceCv (visited)
    Dis: Hell:1         Geh: Hell:1         Coc: Hell:1         Tar: Hell:1

Altars:
Ashenzari
Dithmenos
Elyvilon
Fedhas
Gozag
Hepliaklqana
Kikubaaqudgha
Makhleb
Okawaru
Ru
Uskayaw
Vehumet
Wu Jian
Xom
Yredelemnul
Zin
Beogh
Jiyva

Shops:
D:12 (=:?   Orc:2 =[(*(   Elf:1 *   Elf:2 ?:!:*   Elf:3 (   Vaults:2 [
Vaults:3 (((:[

Portals:
Hell: Depths:1 Depths:2 Depths:3 Depths:4 Depths:5
Abyss: Depths:4 Depths:5
Pandemonium: Depths:2 Depths:3
Ziggurat: Depths:2

Annotations:
Hell Geryon
Pan Cerebov


Innate Abilities, Weirdness & Mutations

You have a pair of large horns on your head.
You reflexively headbutt those who attack you in melee.
You have supernaturally acute eyesight. (SInv)
Your flesh is cold resistant. (rC+)
Your body often deteriorates upon taking damage.
Your magical capacity is very low. (-20% MP)
You are strong-willed. (Will+)
You are occasionally teleported next to monsters.
You are very weak. (Str -4)
Potions are less effective at restoring your health.
You sometimes lose the ability to read scrolls when taking damage.
You expend magic power (3 MP) to strengthen your wands.


Message History

Your body is wracked with pain!
* * * LOW HITPOINT WARNING * * *
Your iron troll convulses!
Your elder oxweird beast convulses!
Your cyclops convulses!
Cerebov hits you with the +6 sword of Cerebov {flame}.
* * * LOW HITPOINT WARNING * * *
Your elder oxweird beast is engulfed in blazing flames.
A fire vortex comes into view.
Okay, then.
Okay, then.
Okay, then.
Okay, then.
You swap places.
A fire vortex comes into view.
You are engulfed in blazing flames.
You resist.
Cerebov hits your elder oxweird beast with the +6 sword of Cerebov {flame}!!
Cerebov burns your elder oxweird beast.
Your elder oxweird beast dies!
Your elder oxweird beast's corpse disappears in a puff of smoke!
The Brimstone Fiend calls on the powers of darkness!
Your cyclops convulses!
Your iron troll convulses!
Your body is wracked with pain!
* * * LOW HITPOINT WARNING * * *
Okay, then.
Aim the phial where?
Press: ? - help, Shift-Dir - straight line, f/p - Cerebov
Aim: Cerebov, wielding the +6 sword of Cerebov {flame} (flame, moderately wounded, fast, strong)
The torrent of water hits Cerebov but does no damage.
Cerebov is moderately wounded.
The wave splashes down.
Splash!
You fall into the shallow water.
Moving in this stuff is going to be slow.
Cerebov is engulfed in water.
The Brimstone Fiend is engulfed in water.
Your cyclops is engulfed in water.
Cerebov gestures at you.
A raging storm of fire appears!
The great blast of fire engulfs you!! You partially resist.
You die...

###..#####
......... ........
.....# .....#
##§..## ###
#.....#
##v##+##).)..##+
##≈@&1C.T)........
#.°#######).)#####
#####v# #☼..#
#)..#.# #○''#
#}.)'.# #○..#
#|..#.# ☼°...
#####.# ...... ..#
###


You could see Cerebov (fast, strong, waterlogged), a Brimstone Fiend
(waterlogged, ally target), 2 fire vortices, a friendly iron troll (summoned,
berserk) and a friendly cyclops (summoned, berserk, waterlogged).

Vanquished Creatures
  6 pandemonium lords (Pan)
  4 dread liches
  Lom Lobon (Pan)
  Mara (Depths:2)
  An ancient lich (Abyss:1)
  Mennas (Pan)
  Saint Roka (Depths:2)
  2 Killer Klowns (Zot:4)
  The ghost of Alura the Axe Maniac, a veteran MiBe of Trog (Crypt:2)
  Boris (Depths:3)
  2 curse toes (Zot:4)
  Bai Suzhen (Spider:4)
  10 golden dragons
  Nikola (Depths:3)
  Arachne (Spider:4)
  24 bone dragons
  3 electric golems
  A Tzitzimitl (Pan)
  3 Brimstone Fiends (Pan)
  5 hellephants
  11 tentacled monstrosities
  2 Ice Fiends (Pan)
  18 liches
  Mlioglotl (Shoals:1)
  12 titans
  2 deep elf master archers (Elf:3)
  9 quicksilver dragons
  5 Hell Sentinels
  21 acid blobs
  4 ancient champions
  54 tentacled starspawn
  14 Executioners
  Frances (Abyss:1)
  Kirke (Elf:1)
  6 death cobs (Zot:4)
  22 storm dragons
  5 sphinxes
  11 shadow dragons
  Agnes (D:14)
  7 tengu reavers
  4 draconian monks
  4 revenants
  7 rockslimes
  2 daevas
  9 fire giants
  5 blood saints (Pan)
  20 frost giants
  6 draconian scorchers
  16 azure jellies
  6 draconian knights
  Aizul (Vaults:1)
  7 emperor scorpions
  2 juggernaut zombies
  7 ghost moths
  12 balrugs
  14 vault wardens
  2 caustic shrike zombies
  6 deep elf sorcerers
  7 cacodemons
  2 draconian shifters
  3 angels
  Louise (Spider:4)
  3 iron dragons
  4 deep elf elementalists
  An orc warlord (Vaults:3)
  5 draconian stormcallers (Zot:2)
  18 ironbound preservers
  4 caustic shrike skeletons
  4 warmongers (Pan)
  9 draconian annihilators
  An ophan (Abyss:2)
  4 ghouls (Crypt:2)
  39 very ugly things
  7 war gargoyles
  2 corrupters (Pan)
  The ghost of herdos3 the Executioner, a journeyman MiBe of Trog (D:15)
  6 vampire knights
  10 quicksilver oozes
  7 reapers
  25 stone giants
  8 deep elf demonologists
  7 black suns (Pan)
  21 lorocyprocas
  7 black draconians
  10 green draconians
  6 white draconians
  2 dire elephants (Abyss:1)
  12 deep elf annihilators
  8 purple draconians
  9 yellow draconians
  7 red draconians
  A quicksilver dragon zombie (Abyss:2)
  2 merfolk javelineers (Shoals:4)
  11 entropy weavers
  17 green deaths
  15 blizzard demons
  4 eidola
  Snorg (Orc:1)
  25 ettins
  14 jiangshi
  3 merfolk impalers (Shoals:4)
  A fire dragon (shapeshifter) (Vaults:5)
  13 yaktaur captains
  18 great orbs of eyes
  5 deep elf death magi
  6 crystal guardians
  A fenstrider witch zombie (Abyss:1)
  13 ice dragons
  9 fire dragons
  9 deep elf high priests
  14 rakshasas
  6 ironbound thunderhulks
  3 naga warriors (Abyss:2)
  A caustic shrike simulacrum (IceCv)
  2 peacekeepers (Vaults:4)
  4 monstrous demonspawn (Pan)
  3 spriggan air magi
  2 hell beasts (Pan)
  3 ogre magi
  3 quicksilver dragon skeletons
  8 hydras
  6 boulder beetles
  31 vault guards
  An alligator snapping turtle (Shoals:4)
  A merfolk avatar (Shoals:4)
  3 merfolk aquamancers
  2 catoblepae
  A death yak (shapeshifter) (Vaults:5)
  9 ironbound frosthearts
  6 two-headed ogres
  5 hell hogs (Abyss:1)
  A two-headed ogre (shapeshifter) (Abyss:2)
  3 satyrs (Shoals:4)
  9 centaur warriors
  37 dancing weapons
  12 deep troll shamans
  5 death knights
  8 death yaks
  10 tengu warriors
  An orc high priest (Orc:2)
  63 thrashing horrors
  7 deep troll earth magi
  5 spriggan berserkers
  Urug (Orc:2)
  A titan zombie (Abyss:1)
  5 ironbound beastmasters
  9 vampire magi
  20 hell knights
  51 sun demons
  26 soul eaters
  37 skeletal warriors
  A titan skeleton (Abyss:1)
  3 shock serpents (Pan)
  A fire crab (shapeshifter) (Abyss:1)
  A storm dragon zombie (Abyss:2)
  5 shadow wraiths
  69 wretched stars
  13 deep elf knights
  A golden dragon zombie (Crypt:3)
  A cherub (Pan)
  15 spatial maelstroms
  33 sixfirhies
  16 sea snakes
  6 gelid demonspawn (Pan)
  A spark wasp zombie (Depths:1)
  An iron giant zombie (Crypt:3)
  2 death drakes
  193 large abominations
  7 iron trolls
  18 glowing orange brains
  4 flayed ghosts
  A glowing orange brain (shapeshifter) (Depths:3)
  2 anaconda zombies
  An iron giant skeleton (Abyss:2)
  8 shadow demons
  270 starcursed masses
  16 wizards
  A swamp dragon (Zot:2)
  8 deep elf archers
  6 infernal demonspawn (Pan)
  2 obsidian statues
  16 phantasmal warriors
  2 bog bodies
  11 lindwurms
  20 ironbound convokers
  6 orc knights
  4 torturous demonspawn (Pan)
  A bunyip skeleton (Crypt:2)
  28 deep elf pyromancers
  The ghost of leNuup the Cudgeller, a novice GnCA of Ignis (D:5)
  A harpy (shapeshifter) (Vaults:5)
  Pikel (D:5)
  A mana viper (Abyss:2)
  26 harpies
  18 necromancers
  6 orc sorcerers
  79 deep trolls
  8 cyclopes
  16 deep elf zephyrmancers
  10 manticores
  An oklob plant (Lair:6)
  16 orb spiders
  20 fauns
  A salamander (shapeshifter) (Abyss:2)
  8 shining eyes
  2 iron dragon zombies
  2 stone giant zombies
  20 wolf spiders
  6 will-o-the-wisps
  A manticore (shapeshifter) (Vaults:4)
  20 moths of wrath
  2 salamanders
  65 ugly things
  38 worldbinders
  6 merfolk sirens
  6 guardian serpents
  5 water nymphs
  5 black mambas
  A black mamba (shapeshifter) (D:15)
  9 elephants
  3 spriggan zombies (Abyss:1)
  12 vault sentinels
  5 eyes of devastation
  A naga zombie (Crypt:2)
  14 rust devils
  9 centaur zombies
  22 orange demons
  Joseph (Lair:1)
  9 apocalypse crabs
  3 naga skeletons
  100 smoke demons
  12 cane toads
  13 hellions
  3 torpor snails
  A yellow draconian zombie (Crypt:1)
  12 komodo dragons
  8 spriggan skeletons
  10 unseen horrors
  39 yaktaurs
  3 dire elephant skeletons
  A kobold demonologist (Elf:1)
  11 ice devils
  An unseen horror (shapeshifter) (Abyss:2)
  9 efreet
  A golden dragon simulacrum (IceCv)
  16 freezing wraiths
  6 rime drakes
  3 red devils
  61 ancient zymes
  4 tormentors
  40 hellwings
  7 tengu conjurers
  A catoblepas skeleton (Abyss:1)
  A death yak skeleton (Crypt:2)
  A hydra zombie (Abyss:2)
  27 demonic crawlers
  An entropy weaver simulacrum (IceCv)
  8 harpy zombies
  17 merfolk
  7 trolls
  11 polar bears
  3 meliai (D:15)
  A shadow dragon simulacrum (Abyss:1)
  6 wind drakes
  28 jumping spiders
  7 hornets
  2 silent spectres
  145 raiju
  31 blink frogs
  153 slime creatures
  An ettin zombie (Abyss:1)
  5 harpy skeletons
  10 dream sheep
  A fire dragon zombie (Crypt:3)
  Prince Ribbit (D:5)
  A merfolk zombie (Abyss:1)
  An air elemental (Elf:3)
  A black mamba zombie (Crypt:3)
  9 snapping turtles
  2 fire dragon skeletons
  Sigmund (D:5)
  3 wyverns
  20 tarantellas
  51 flying skulls
  4 vampires
  9 spriggans (Lair:6)
  2 ettin skeletons (Abyss:4)
  108 redbacks
  3 hogs (Elf:1)
  7 spriggan simulacra
  11 shadows
  A black mamba skeleton (Abyss:1)
  A redback (shapeshifter) (Vaults:5)
  46 yaks
  29 water elementals
  66 ynoxinuls
  A wind drake zombie (Crypt:1)
  14 wraiths
  2 dire elephant simulacra (IceCv)
  23 fire bats
  8 golden eyes
  A yak (shapeshifter) (Abyss:1)
  3 fire elementals
  A steam dragon (D:8)
  Grum (D:8)
  40 neqoxecs
  51 chaos spawn
  3 vampire mosquitoes (D:13)
  3 basilisks
  2 minotaur simulacra (IceCv)
  28 spatial vortices
  5 wargs
  5 harpy simulacra
  Edmund (D:6)
  An infernal demonspawn zombie (Crypt:2)
  2 acid dragons
  2 floating eyes
  5 nagas
  12 water moccasins
  An infernal demonspawn skeleton (Crypt:2)
  A monstrous demonspawn skeleton (Crypt:2)
  A floating eye (shapeshifter) (Vaults:5)
  5 hell hounds (Abyss:1)
  A hydra simulacrum (IceCv)
  A two-headed ogre skeleton (Crypt:1)
  4 sky beasts
  A cane toad skeleton (Crypt:1)
  23 orc warriors
  8 black bears
  3 ice beasts
  7 necrophages
  An ettin simulacrum (Crypt:1)
  11 boggarts
  A tengu (shapeshifter) (Vaults:5)
  30 wolves
  7 ogres
  17 centaurs
  A phantom (D:6)
  Blork the orc (D:6)
  A kobold brigand (D:7)
  A salamander zombie (Crypt:1)
  2 scorpions
  11 bullfrogs
  7 earth elementals
  A gnoll sergeant (D:7)
  A naga simulacrum (Crypt:1)
  171 small abominations
  A deep troll simulacrum (IceCv)
  A water moccasin skeleton (Abyss:1)
  2 troll zombies (D:11)
  A yak zombie (Crypt:1)
  A lindwurm simulacrum (IceCv)
  22 killer bees
  5 howler monkeys
  25 wights
  An electric eel (Spider:3)
  6 crimson imps
  28 quasits
  A bullfrog zombie (D:6)
  17 iron imps
  6 jellies
  5 hounds
  2 centaur skeletons
  13 orc priests
  Crazy Yiuf (D:6)
  Jessica (D:3)
  A basilisk skeleton (Crypt:2)
  5 iguanas
  28 orc wizards
  A scorpion zombie (Crypt:2)
  8 hell rats
  A killer bee zombie (D:8)
  8 ogre zombies
  A tengu skeleton (Crypt:1)
  5 mummies (D:10)
  A howler monkey zombie (D:9)
  Robin (D:3)
  A howler monkey skeleton (Crypt:2)
  10 adders
  9 gnolls
  14 river rats (Lair:3)
  4 shadow imps
  31 white imps
  20 ufetubi
  2 dart slugs
  A worm (D:4)
  69 orcs
  12 ball pythons
  11 endoplasms
  3 giant cockroaches
  10 goblins
  6 hobgoblins
  4 jackals (D:4)
  10 kobolds
  8 quokkas
  3 training dummies (Orc:2)
  8 bats
  4 frilled lizards
  4 goblin zombies (D:11)
  A hobgoblin skeleton (D:11)
  2 hobgoblin zombies (D:11)
  3 orc skeletons (D:11)
  15 orc zombies (D:11)
  14 rats
  A block of ice (Pan)
  2 bushes (Lair:6)
  9 lurking horrors
  38 starspawn tentacles
4801 creatures vanquished.

Vanquished Creatures (collateral kills)
  the Royal Jelly (Slime:5)
  An ancient lich (Vaults:4)
  3 Tzitzimimeh (Pan)
  Jorgrun (D:13)
  2 pandemonium lords (Pan)
  A deep elf blademaster (Elf:3)
  A deep elf master archer (Elf:3)
  The ghost of Fama the Brawler, an adept TrFi of Ru (Shoals:3)
  A storm dragon (Vaults:5)
  2 fire giants (Vaults:5)
  2 rockslimes (Slime:5)
  An orc warlord (Orc:2)
  5 balrugs (Pan)
  3 emperor scorpions (Spider:4)
  A ghost moth (Spider:4)
  A deep elf elementalist (Elf:3)
  A quicksilver ooze (D:15)
  A reaper (Pan)
  A stone giant (Vaults:5)
  2 deep elf annihilators (Elf:3)
  A deep elf death mage (Elf:3)
  A blizzard demon (Pan)
  2 merfolk javelineers (Shoals:3)
  A green death (Pan)
  2 deep elf high priests (Elf:3)
  A vault guard (D:13)
  A boulder beetle (D:13)
  2 merfolk avatars
  3 sun demons (Pan)
  2 deep elf knights (Elf:2)
  Sonja (Lair:5)
  A sixfirhy (Pan)
  A soul eater (Pan)
  A gelid demonspawn (Pan)
  A phantasmal warrior (Vaults:5)
  3 harpies (D:13)
  4 orb spiders (Spider:4)
  A deep elf zephyrmancer (Elf:3)
  3 fauns (Shoals:4)
  2 wolf spiders (Spider:4)
  A manticore (D:13)
  An orc sorcerer (Orc:2)
  A water nymph (Shoals:3)
  A moth of wrath (Spider:4)
  2 smoke demons
  A komodo dragon (Lair:5)
  A rime drake (Lair:1)
  A hellion (Pan)
  An efreet (Pan)
  2 tormentors (Pan)
  A jumping spider (Spider:4)
  3 merfolk
  3 slime creatures (D:15)
  3 blink frogs (Lair:1)
  A snapping turtle (Shoals:3)
  A large abomination (Pan)
  7 redbacks (Spider:4)
  2 tarantellas (Spider:4)
  2 yaks (Lair:5)
  A chaos spawn (Pan)
  5 neqoxecs (Pan)
  4 basilisks
  An ogre (Orc:2)
  2 jellies (D:15)
  An orc priest (Orc:2)
  An orc wizard (Orc:2)
  A bush (Lair:5)
117 creatures vanquished.

Vanquished Creatures (others)
  Asterion (Spider:4)
  A titan (Pan)
  A storm dragon (Depths:4)
  A draconian knight (Zot:2)
  A wizard (Pan)
  A mana viper (shapeshifter) (Vaults:5)
  A manticore (Shoals:1)
  A raiju (Abyss:2)
  4 dream sheep (D:5)
  A flying skull (Abyss:1)
  A golden eye (Abyss:2)
  A chaos spawn (Depths:3)
  A human (D:3)
  A centaur (Shoals:1)
  2 wights (Abyss:1)
  A starcursed mass (Abyss:1)
  5 small abominations
  A white imp (Abyss:2)
  An orc (Depths:2)
  6 ball lightnings (Pan)
  10 foxfires
  18 fungi
  4 lurking horrors
  219 plants
  106 starspawn tentacles
  A withered plant (D:13)
391 creatures vanquished.

Grand Total: 5309 creatures vanquished

Notes
Turn   | Place    | Note
-------+----------+-------------------------------------------
     0 | D:1      | Decipherer the Minotaur Berserker began the quest for the
                  | Orb.
     0 | D:1      | Reached XP level 1. HP: 19/19 MP: 0/0
   291 | D:1      | Reached XP level 2. HP: 27/27 MP: 1/1
   640 | D:1      | Reached ** piety under Trog
   641 | D:1      | Found a faded altar of an unknown god.
  1076 | D:2      | Reached XP level 3. HP: 31/33 MP: 2/2
  1478 | D:2      | Reached XP level 4. HP: 40/40 MP: 3/3
  1817 | D:3      | Noticed Jessica
  1823 | D:3      | Killed Jessica
  1824 | D:3      | Reached skill level 5 in Maces & Flails
  2069 | D:3      | Found an ancient bone altar of Kikubaaqudgha.
  2073 | D:3      | Noticed a human
  2074 | D:3      | Killed a human
  2108 | D:3      | Noticed Robin
  2117 | D:3      | Killed Robin
  2122 | D:3      | Reached *** piety under Trog
  2378 | D:3      | Found an iron altar of Okawaru.
  2407 | D:3      | Reached XP level 5. HP: 23/47 MP: 4/4
  2689 | D:3      | Found a shadowy altar of Dithmenos.
  3550 | D:4      | Reached XP level 6. HP: 49/55 MP: 5/5
  3921 | D:5      | Entered Level 5 of the Dungeon
  3939 | D:5      | Reached skill level 5 in Fighting
  4011 | D:5      | Reached skill level 1 in Axes
  4011 | D:5      | Reached skill level 5 in Armour
  4035 | D:5      | Reached XP level 7. HP: 61/61 MP: 6/6
  4077 | D:5      | Found a large runed translucent door.
  4078 | D:5      | Found a large runed translucent door.
  4081 | D:5      | Noticed leNuup's ghost (novice GnCA)
  4097 | D:5      | Reached skill level 1 in Stealth
  4180 | D:5      | Noticed Pikel
  4196 | D:5      | Killed Pikel
  4197 | D:5      | Reached XP level 8. HP: 54/69 MP: 7/7
  4400 | D:5      | Noticed Prince Ribbit
  4412 | D:5      | Killed Prince Ribbit
  4714 | D:5      | Found a glowing silver altar of Zin.
  4741 | D:5      | Found an opulent altar of Gozag.
  4766 | D:5      | Noticed Sigmund
  4773 | D:5      | Killed Sigmund
  4778 | D:5      | Reached **** piety under Trog
  4879 | D:5      | Noticed a dream sheep
  4879 | D:5      | Noticed a dream sheep
  4879 | D:5      | Noticed a dream sheep
  4879 | D:5      | Noticed a dream sheep
  4879 | D:5      | Noticed a dream sheep
  4879 | D:5      | Found a shimmering altar of Xom.
  4881 | D:5      | Killed a dream sheep
  4881 | D:5      | Killed a dream sheep
  4881 | D:5      | Killed a dream sheep
  4881 | D:5      | Killed a dream sheep
  4881 | D:5      | Killed a dream sheep
  4882 | D:5      | Reached skill level 1 in Unarmed Combat
  5425 | D:5      | Reached skill level 5 in Axes
  5458 | D:5      | Killed leNuup's ghost
  5459 | D:5      | Reached skill level 1 in Shields
  5459 | D:5      | Reached XP level 9. HP: 78/78 MP: 8/8
  5919 | D:6      | Noticed Blork the orc
  5922 | D:6      | Noticed Edmund
  5924 | D:6      | Found an ornate altar of the Wu Jian Council.
  5930 | D:6      | Killed Blork the orc
  6168 | D:6      | Killed Edmund
  6173 | D:6      | Reached skill level 1 in Evocations
  6533 | D:6      | Found a runed translucent door.
  6534 | D:6      | Noticed Crazy Yiuf
  6917 | D:6      | Killed Crazy Yiuf
  7104 | D:7      | Noticed a two-headed ogre
  7116 | D:7      | Killed a two-headed ogre
  7117 | D:7      | Reached XP level 10. HP: 82/88 MP: 9/9
  7291 | D:7      | Found a staircase to the Ecumenical Temple.
  8315 | D:8      | Reached ***** piety under Trog
  8335 | D:8      | Reached skill level 10 in Armour
  8532 | D:8      | Found a hazy altar of Hepliaklqana.
  8636 | D:8      | Noticed Grum
  8638 | D:8      | Reached skill level 5 in Dodging
  8649 | D:8      | Killed Grum
  9407 | D:9      | Reached skill level 5 in Shields
  9562 | D:9      | Reached XP level 11. HP: 95/95 MP: 10/10
  9739 | D:9      | Found a blossoming altar of Fedhas.
 10089 | D:10     | Entered Level 10 of the Dungeon
 10093 | D:10     | Identified the ring "Kacatsos" {rElec rPois rCorr Str-2
                  | Int-4}
 10096 | D:10     | Identified the +1 pair of gloves "Iwkoady" {rC+ rN+ Int+4}
 10115 | D:10     | Found a staircase to the Lair.
 10192 | D:10     | Reached skill level 10 in Axes
 10330 | D:10     | Found a basalt altar of Yredelemnul.
 10443 | D:10     | Found a sacrificial altar of Ru.
 10474 | D:10     | Found a hide-covered altar of Uskayaw.
 11107 | D:10     | Noticed a vault guard
 11116 | D:10     | Killed a vault guard
 11214 | D:10     | Found a portal to a secret trove of treasure.
 11733 | D:11     | Found a staircase to the Orcish Mines.
 11750 | D:11     | Received a gift from Trog
 12114 | D:11     | Reached skill level 10 in Fighting
 12418 | D:10     | Found a broken altar of Ashenzari.
 12493 | D:12     | Found Reddaup's Magic Scroll Shop.
 12500 | D:12     | Bought a scroll of magic mapping for 42 gold pieces
 12500 | D:12     | Bought a scroll of identify for 24 gold pieces
 12500 | D:12     | Bought a scroll of teleportation for 36 gold pieces
 12500 | D:12     | Bought a scroll of blinking for 90 gold pieces
 12500 | D:12     | Bought a scroll of identify for 24 gold pieces
 12500 | D:12     | Bought a scroll of identify for 24 gold pieces
 12517 | D:12     | Noticed a boulder beetle
 12534 | D:12     | Killed a boulder beetle
 12538 | D:12     | Reached XP level 12. HP: 81/106 MP: 11/11
 12944 | D:12     | Noticed a two-headed ogre
 12952 | D:12     | Killed a two-headed ogre
 12996 | D:12     | Found Zaceitie's Book Emporium.
 13364 | D:12     | Found Paygoq's Jewellery Emporium.
 13697 | D:12     | Identified the +4 spear of Melee {drain, *Slow +Blink rElec
                  | SInv}
 13710 | D:12     | Found Lusazis's Antique Weapon Boutique.
 13977 | D:13     | Noticed a boulder beetle
 13982 | D:13     | Noticed a centaur warrior
 13989 | D:13     | Killed a centaur warrior
 13994 | D:13     | Killed a boulder beetle
 14054 | D:13     | Noticed a tengu warrior
 14060 | D:13     | Killed a tengu warrior
 14098 | D:13     | Noticed a vault guard
 14106 | D:13     | Reached ****** piety under Trog
 14107 | D:13     | Reached skill level 10 in Shields
 14221 | D:13     | Noticed a vault guard
 14318 | D:13     | Noticed Frances
 14326 | D:13     | Reached XP level 13. HP: 94/116 MP: 12/12
 14355 | D:13     | Banished Frances
 14741 | D:13     | Noticed Jorgrun
 14759 | D:13     | Killed Jorgrun
 14760 | D:13     | Reached skill level 1 in Throwing
 14900 | D:13     | Paralysed by an orc sorcerer for 2 turns
 14911 | D:13     | Received a gift from Trog
 14921 | D:13     | Reached skill level 5 in Evocations
 15227 | D:13     | Found a gate to the Vaults.
 15783 | D:14     | Noticed Agnes
 15800 | D:14     | Killed Agnes
 16076 | D:14     | Reached XP level 14. HP: 87/125 MP: 13/13
 16804 | Orc:1    | Entered Level 1 of the Orcish Mines
 16875 | Orc:2    | Entered Level 2 of the Orcish Mines
 16995 | Orc:2    | Noticed an orc warlord
 17160 | Orc:2    | Killed an orc warlord
 17197 | Orc:2    | Noticed Urug
 17201 | Orc:2    | Killed Urug
 17219 | Orc:2    | Found Zoizel's Jewellery Shoppe.
 17226 | Orc:2    | Found Miesch's General Store.
 17237 | Orc:2    | Found Ciuwoch's Antique Armour Shoppe.
 17379 | Orc:2    | Bought a runed cloak for 240 gold pieces
 17415 | Orc:2    | Bought the ring of Oniy {rN+ EV+4} for 613 gold pieces
 17436 | Orc:2    | Bought a scroll of enchant weapon for 97 gold pieces
 17504 | Orc:2    | Found Xezen's Firing Range.
 17540 | Orc:2    | Found a staircase to the Elven Halls.
 17601 | Orc:2    | Found Buzuuh's Antique Weapon Shoppe.
 17771 | Orc:1    | Found a burning altar of Makhleb.
 17841 | Orc:1    | Noticed Snorg
 17861 | Orc:1    | Killed Snorg
 17861 | Orc:1    | Identified the +8 broad axe of Pestilence {vorpal, Will+}
                  | (Trog gifted it to you on level 1 of the Orcish Mines)
 17861 | Orc:1    | Received a gift from Trog
 18276 | Lair:1   | Entered Level 1 of the Lair of Beasts
 18355 | Lair:1   | Noticed Joseph
 18361 | Lair:1   | Killed Joseph
 18403 | Lair:1   | Identified the ring "Raproagh" {rElec rF- rC+++ rN+ Will+}
 19199 | Lair:2   | Reached skill level 15 in Armour
 20100 | Lair:3   | Found a hole to the Spider Nest.
 20186 | Lair:3   | Reached skill level 15 in Axes
 20828 | Lair:4   | Reached XP level 15. HP: 128/135 MP: 14/14
 20835 | Lair:4   | Received a gift from Trog
 21165 | Lair:4   | Found a staircase to the Shoals.
 21483 | Shoals:1 | Entered Level 1 of the Shoals
 22087 | Lair:5   | Noticed Sonja
 22095 | Lair:5   | Killed Sonja
 22136 | Lair:5   | Received a gift from Trog
 22508 | Lair:6   | Entered Level 6 of the Lair of Beasts
 22782 | Lair:6   | Found a runed translucent door.
 22782 | Lair:6   | Identified the +8 rapier "ETAOIN SHRDLU" {holy, rElec rPois
                  | rC++ Dex-3}
 22961 | Lair:6   | Found a viscous altar of Jiyva.
 22961 | Lair:6   | Found a staircase to the Slime Pits.
 23980 | Spider:1 | Entered Level 1 of the Spider Nest
 23993 | Spider:1 | Identified the +6 battleaxe of Plunder {vorpal, *Corrode
                  | rC++ Dex+4 Stlth+} (Trog gifted it to you on level 1 of the
                  | Spider Nest)
 23993 | Spider:1 | Received a gift from Trog
 24095 | Spider:1 | Identified the +2 hand axe "Yfuemus" {spect, Int+5}
 24197 | Spider:1 | Identified a scroll of acquirement
 24198 | Spider:1 | Acquired a +2 hat of willpower
 24601 | Spider:1 | Reached XP level 16. HP: 138/146 MP: 15/15
 26546 | Spider:3 | Reached skill level 10 in Dodging
 26777 | Spider:3 | Received a gift from Trog
 27371 | Spider:4 | Entered Level 4 of the Spider Nest
 27390 | Spider:4 | Received a gift from Trog
 27641 | Spider:4 | Noticed Bai Suzhen
 27642 | Spider:4 | Noticed Asterion
 27656 | Spider:4 | Killed Bai Suzhen
 27657 | Spider:4 | Reached skill level 15 in Fighting
 27665 | Spider:4 | Killed Asterion
 27666 | Spider:4 | Reached XP level 17. HP: 33/156 MP: 16/16
 27867 | Spider:4 | Received a gift from Trog
 28034 | Spider:4 | Noticed Arachne
 28059 | Spider:4 | Killed Arachne
 28122 | Spider:4 | Got a gossamer rune of Zot
 28394 | Spider:4 | Noticed Louise
 28413 | Spider:4 | Killed Louise
 28947 | Shoals:1 | Reached skill level 15 in Shields
 29005 | Shoals:1 | Noticed Mlioglotl
 29024 | Shoals:1 | Killed Mlioglotl
 29265 | Shoals:1 | Reached skill level 5 in Throwing
 29271 | Shoals:1 | Received a gift from Trog
 30133 | Shoals:2 | Found a frozen archway.
 30159 | IceCv    | Entered an ice cave
 30430 | IceCv    | Reached XP level 18. HP: 166/166 MP: 17/17
 31057 | Shoals:2 | Received a gift from Trog
 31439 | Shoals:3 | Found a runed translucent gate.
 31439 | Shoals:3 | Found a runed translucent gate.
 31439 | Shoals:3 | Found a runed translucent gate.
 31455 | Shoals:3 | Found an opulent altar of Gozag.
 31461 | Shoals:3 | Noticed Fama's ghost (adept TrFi)
 31520 | Shoals:3 | Gained mutation: Your muscles are strong. (Str +2) [potion
                  | of mutation]
 31520 | Shoals:3 | Gained mutation: You expend magic power (3 MP) to
                  | strengthen your wands. [potion of mutation]
 31521 | Shoals:3 | Lost mutation: You expend magic power (3 MP) to strengthen
                  | your wands. [potion of mutation]
 31521 | Shoals:3 | Lost mutation: Your muscles are strong. (Str +2) [potion of
                  | mutation]
 31521 | Shoals:3 | Gained mutation: You have sharp toenails. [potion of
                  | mutation]
 31521 | Shoals:3 | Gained mutation: You are agile. (Dex +2) [potion of
                  | mutation]
 32012 | Shoals:3 | Killed Fama's ghost
 32087 | Shoals:4 | Entered Level 4 of the Shoals
 32101 | Shoals:4 | Received a gift from Trog
 32810 | Shoals:4 | Got a barnacled rune of Zot
 33601 | D:15     | Entered Level 15 of the Dungeon
 33643 | D:15     | Found an ornate altar of the Wu Jian Council.
 33966 | D:15     | Received a gift from Trog
 34166 | D:15     | Found a runed translucent gate.
 34166 | D:15     | Found a runed translucent gate.
 34166 | D:15     | Found a runed translucent gate.
 34217 | D:15     | Noticed herdos3's ghost (journeyman MiBe)
 34411 | D:15     | Found a staircase to the Depths.
 34525 | D:15     | Found a viscous altar of Jiyva.
 34558 | D:15     | Reached XP level 19. HP: 177/177 MP: 18/18
 34558 | D:15     | Killed herdos3's ghost
 34665 | Vaults:1 | Entered Level 1 of the Vaults
 35632 | Vaults:1 | Received a gift from Trog
 35925 | Vaults:1 | Noticed Aizul
 35945 | Vaults:1 | Killed Aizul
 36711 | Vaults:2 | Found Qus Taem's Antique Armour Boutique.
 36911 | Vaults:2 | Found a staircase to the Crypt.
 37000 | Vaults:2 | Received a gift from Trog
 37002 | Vaults:2 | Reached XP level 20. HP: 162/189 MP: 19/19
 37914 | Vaults:3 | Received a gift from Trog
 37996 | Vaults:3 | Found Yzoserch's Antique Weapon Emporium.
 38234 | Vaults:3 | Reached skill level 15 in Dodging
 38554 | Vaults:3 | Found Kackay's Antique Weapon Emporium.
 38664 | Vaults:3 | Found Kylounao's Antique Weapon Shop.
 38782 | Vaults:3 | Found Uzas's Book Shoppe.
 38797 | Vaults:3 | Found Oklu's Armour Boutique.
 38887 | Vaults:3 | Received a gift from Trog
 39565 | Vaults:4 | Found a flickering gateway to a bazaar.
 39612 | Bazaar   | Entered a bazaar
 39617 | Bazaar   | Found Herom's Book Emporium.
 39618 | Bazaar   | Found Cexievuk's Book Shop.
 39655 | Bazaar   | Found Jikkim's Antique Armour Shoppe.
 39663 | Bazaar   | Bought a jewelled plate armour for 280 gold pieces
 39663 | Bazaar   | Identified the +1 plate armour of Uffepolito {Contam rC++
                  | Will++} (You bought it in a shop in a bazaar)
 39682 | Bazaar   | Bought the +7 Kryia's mail coat {PotionHeal*2 rC+} for 600
                  | gold pieces
 39682 | Bazaar   | Found the +7 Kryia's mail coat {PotionHeal*2 rC+}
 39696 | Bazaar   | Found Sytzoet's Book Boutique.
 39701 | Bazaar   | Gained mutation: You sometimes lose the ability to read
                  | scrolls when taking damage. [mutagenic glow]
 40002 | Vaults:4 | Reached XP level 21. HP: 158/199 MP: 20/20
 40101 | Vaults:4 | Received a gift from Trog
 40814 | Vaults:5 | Entered Level 5 of the Vaults
 40815 | Vaults:5 | Noticed an ancient lich
 40990 | Vaults:4 | Killed an ancient lich
 41347 | Vaults:5 | Received a gift from Trog
 41483 | Vaults:5 | Noticed a golden dragon
 41501 | Vaults:5 | Killed a golden dragon
 41542 | Vaults:5 | Identified the +8 short sword of Palixu {antimagic, rN+
                  | Str+3}
 41665 | Vaults:5 | Reached XP level 22. HP: 159/209 MP: 21/21
 41665 | Vaults:5 | Identified the +9 rapier of the Shoals {vorpal, rF- Will++
                  | Str+3 Dex-4}
 41668 | Vaults:5 | Noticed a dread lich
 41733 | Vaults:5 | Received a gift from Trog
 41734 | Vaults:5 | Killed a dread lich
 42023 | Vaults:5 | Identified the +8 hand crossbow of the Howling Shrike
                  | {vorpal, Str+5}
 42096 | Vaults:5 | Noticed a dread lich
 42109 | Vaults:5 | Killed a dread lich
 42231 | Vaults:5 | Identified the +5 trident of Callousness {venom, rF+}
 42231 | Vaults:5 | Identified the amulet of Aveic {Faith Str+7}
 42233 | Vaults:5 | Identified the +2 flail "Qumeudic" {holy, *Noise rElec
                  | Str+4 Dex+3}
 42498 | Vaults:5 | Identified the +11 glaive "Spider's Death Toll" {vorpal,
                  | rPois rCorr Dex+4}
 42679 | Vaults:5 | Identified the +0 pair of gloves "Ryergh" {Int+4 Stlth+}
 42728 | Vaults:5 | Got Sif Muna's Incunabulum of Black Magic
 42737 | Vaults:5 | Identified the +5 plate armour of the Raven {Rampage Dex-5
                  | Slay+2}
 42864 | Vaults:5 | Got a silver rune of Zot
 43210 | Orc:2    | Bought a potion of attraction for 39 gold pieces
 43210 | Orc:2    | Bought a scroll of identify for 26 gold pieces
 43210 | Orc:2    | Bought a potion of flight for 39 gold pieces
 43409 | Vaults:2 | Bought a shiny plate armour for 728 gold pieces
 43409 | Vaults:2 | Bought a faintly humming ring mail for 252 gold pieces
 43409 | Vaults:2 | Identified the +3 ring mail "Fin Culu" {+Inv rF- rC+} (You
                  | bought it in a shop on level 2 of the Vaults)
 43608 | Elf:1    | Entered Level 1 of the Elven Halls
 43688 | Elf:1    | Received a gift from Trog
 44656 | Elf:1    | Found Liuv's Assorted Antiques.
 44661 | Elf:1    | Bought a scroll of magic mapping for 98 gold pieces
 44661 | Elf:1    | Bought 2 scrolls of magic mapping for 196 gold pieces
 44661 | Elf:1    | Bought a wand of mindburst (5) for 112 gold pieces
 44661 | Elf:1    | Bought a wand of iceblast (11) for 112 gold pieces
 44661 | Elf:1    | Bought a runed bone amulet for 140 gold pieces
 44663 | Elf:1    | Bought a runed scarf for 224 gold pieces
 44716 | Elf:1    | Noticed Kirke
 44735 | Elf:1    | Killed Kirke
 44796 | Elf:1    | Identified the +8 hunting sling of Ash {vorpal, Will++
                  | Str-3 Int+4 Dex+3}
 45211 | Elf:1    | You fall into a shaft and drop 1 floor!
 45279 | Elf:1    | Lost mutation: You are agile. (Dex +2) [potion of mutation]
 45279 | Elf:1    | Lost mutation: You sometimes lose the ability to read
                  | scrolls when taking damage. [potion of mutation]
 45279 | Elf:1    | Gained mutation: You are frail. (-10% HP) [potion of
                  | mutation]
 45279 | Elf:1    | Gained mutation: You have a somewhat thin skeletal
                  | structure. (Dex +2, Stealth+) [potion of mutation]
 45455 | Elf:2    | Found Zuod's Distillery.
 45458 | Elf:2    | Found Biem's General Store.
 45458 | Elf:2    | Found Dooxzawn's Book Shop.
 45470 | Elf:2    | Bought a potion of curing for 45 gold pieces
 45470 | Elf:2    | Bought a potion of curing for 45 gold pieces
 45470 | Elf:2    | Bought a potion of curing for 45 gold pieces
 45470 | Elf:2    | Bought a potion of heal wounds for 75 gold pieces
 45470 | Elf:2    | Bought a potion of mutation for 120 gold pieces
 45471 | Elf:2    | Lost mutation: You have sharp toenails. [potion of
                  | mutation]
 45471 | Elf:2    | Lost mutation: You are frail. (-10% HP) [potion of
                  | mutation]
 45471 | Elf:2    | Gained mutation: Your magical capacity is low. (-10% MP)
                  | [potion of mutation]
 45471 | Elf:2    | Gained mutation: You are frail. (-10% HP) [potion of
                  | mutation]
 45471 | Elf:2    | Gained mutation: You passively map a small area around you.
                  | [potion of mutation]
 45472 | Elf:2    | Found Mupsor's Book Boutique.
 45476 | Elf:2    | Bought a scroll of blinking for 142 gold pieces
 45476 | Elf:2    | Bought a potion of curing for 57 gold pieces
 45476 | Elf:2    | Bought a scroll of magic mapping for 66 gold pieces
 45476 | Elf:2    | Bought a scroll of blinking for 142 gold pieces
 45593 | Elf:2    | Found a radiant altar of Vehumet.
 45679 | Elf:2    | Found a runed translucent gate.
 45680 | Elf:2    | Found a runed translucent gate.
 45680 | Elf:2    | Found a runed translucent gate.
 45839 | Elf:2    | Reached XP level 23. HP: 191/198 MP: 19/19
 45926 | Elf:2    | Identified the +9 morningstar "Uhadwaf" {vorpal, rElec
                  | Str+2 Int-2} (Trog gifted it to you on level 2 of the Elven
                  | Halls)
 45926 | Elf:2    | Received a gift from Trog
 46617 | Elf:3    | Entered Level 3 of the Elven Halls
 46689 | Elf:2    | Found Sezoxy's Magic Scroll Boutique.
 46700 | Elf:2    | Bought a scroll of blinking for 97 gold pieces
 46700 | Elf:2    | Bought a scroll of teleportation for 39 gold pieces
 46700 | Elf:2    | Bought a scroll of blinking for 97 gold pieces
 46700 | Elf:2    | Bought a scroll of enchant armour for 97 gold pieces
 46700 | Elf:2    | Bought a scroll of summoning for 123 gold pieces
 46985 | Elf:3    | Gained mutation: You are agile. (Dex +2) [a cacodemon]
 47035 | Elf:3    | Paralysed by an air elemental for 1 turns
 47222 | Elf:3    | Found Joshregal's Antique Weapon Boutique.
 47258 | Elf:3    | Received a gift from Trog
 47469 | Elf:3    | Gained mutation: You occasionally shout uncontrollably at
                  | your foes. [a neqoxec]
 47575 | Elf:3    | Identified the ring of Icoomat {AC+4 Str+3}
 47603 | Elf:3    | Identified the +1 ring mail "Utefol" {rF+}
 47610 | Elf:3    | Identified the +2 broad axe of Rulaeg {elec, Str+7}
 47622 | Elf:3    | Identified the +1 mace of the Unspeakable One {vorpal, rF-
                  | Dex+6}
 47626 | Elf:3    | Identified the +8 short sword of Zegac {speed, rN+}
 47734 | Elf:3    | Found the +10 Black Knight's barding {ponderous, rPois rN+}
 47881 | Elf:3    | Got Sif Muna's Incunabulum of the Sinister Mountains
 47885 | Elf:3    | Identified the +8 hunting sling of Anaydeb {freeze, rElec}
 48540 | Slime:1  | Entered Level 1 of the Pits of Slime
 51385 | Slime:4  | Received a gift from Trog
 51389 | Slime:4  | Reached XP level 24. HP: 209/209 MP: 19/19
 51528 | Slime:4  | Gained mutation: You are occasionally teleported next to
                  | monsters. [a shining eye]
 51751 | Slime:5  | Entered Level 5 of the Pits of Slime
 52113 | Slime:5  | Found a viscous altar of Jiyva.
 52131 | Slime:5  | Received a gift from Trog
 52262 | Slime:5  | Noticed the Royal Jelly
 52312 | Slime:5  | Killed the Royal Jelly
 52418 | Slime:5  | Identified the +0 lajatang of the Reaper {antimagic, rElec
                  | Str+7 Int-2 Dex+4 SInv}
 52434 | Slime:5  | Got Ysoiladd's Grimoire of Transmigration
 52437 | Slime:5  | Identified the +11 fustibalus of Exhibitionism {flame,
                  | rElec rF+ Str-2}
 52458 | Slime:5  | Lost mutation: You occasionally shout uncontrollably at
                  | your foes. [potion of mutation]
 52458 | Slime:5  | Lost mutation: You passively map a small area around you.
                  | [potion of mutation]
 52458 | Slime:5  | Lost mutation: You are agile. (Dex +2) [potion of mutation]
 52458 | Slime:5  | Gained mutation: You have sharp toenails. [potion of
                  | mutation]
 52458 | Slime:5  | Gained mutation: You sometimes lose the ability to read
                  | scrolls when taking damage. [potion of mutation]
 52458 | Slime:5  | Gained mutation: Your muscles are strong. (Str +2) [potion
                  | of mutation]
 52505 | Slime:5  | Got a slimy rune of Zot
 52540 | Slime:5  | Identified the ring "Geheh" {rPois AC+4 Str+4 Dex-4}
 53584 | Depths:1 | Entered Level 1 of the Depths
 54154 | Depths:1 | Identified the +5 great mace of Hard Scrabble {spect, rPois
                  | rN+}
 54245 | Depths:1 | Found a gateway to Hell.
 54638 | Depths:2 | Noticed Saint Roka
 54764 | Depths:2 | Killed Saint Roka
 54764 | Depths:2 | Received a gift from Trog
 54849 | Depths:2 | Reached skill level 10 in Throwing
 54936 | Depths:2 | Found a one-way gate leading to the halls of Pandemonium.
 55095 | Depths:2 | Noticed Mara
 55107 | Depths:2 | Noticed Decipherer's illusion
 55108 | Depths:2 | Killed Mara
 55132 | Depths:2 | Found a gateway to a ziggurat.
 55432 | Depths:2 | Reached XP level 25. HP: 218/218 MP: 19/19
 55603 | Depths:2 | Found a white marble altar of Elyvilon.
 55959 | Depths:2 | Identified the +7 chain mail "Kaont" {rPois Dex+5}
 56651 | Depths:3 | Reached skill level 5 in Stealth
 56768 | Depths:3 | Noticed Boris
 56777 | Depths:3 | Killed Boris
 56920 | Depths:3 | Noticed Nikola
 56943 | Depths:3 | Killed Nikola
 57090 | Depths:3 | Received a gift from Trog
 57704 | Depths:4 | Found a one-way gate to the infinite horrors of the Abyss.
 57920 | Depths:4 | Voluntarily entered the Abyss.
 57949 | Abyss:1  | Received a gift from Trog
 58358 | Abyss:3  | Found a corrupted altar of Lugonu.
 58528 | Abyss:4  | Paralysed by a floating eye for 2 turns
 58534 | Abyss:4  | Paralysed by a floating eye for 4 turns
 58548 | Abyss:4  | Got an abyssal rune of Zot
 58639 | Depths:4 | Escaped the Abyss
 58937 | D:10     | You showed the abyssal rune of Zot to enter a treasure
                  | trove
 58938 | Trove    | Entered a treasure trove
 58999 | Trove    | Identified the +5 hunting sling "Huan" {freeze, rF+ Dex+2}
 59773 | Depths:4 | Received a gift from Trog
 59918 | Depths:4 | Reached XP level 26. HP: 187/229 MP: 19/19
 60260 | Depths:4 | Acquired 826 gold pieces
 60299 | Depths:5 | Entered Level 5 of the Depths
 60701 | Depths:5 | Found a gate to the Realm of Zot.
 60880 | Depths:5 | Received a gift from Trog
 61105 | Depths:5 | Acquired a manual of Shields
 61535 | Zot:1    | Entered Level 1 of the Realm of Zot
 61807 | Hell     | Entered the Vestibule of Hell
 61807 | Hell     | Noticed Geryon
 63489 | Zot:2    | Lost mutation: You have sharp toenails. [potion of
                  | mutation]
 63489 | Zot:2    | Lost mutation: You sometimes lose the ability to read
                  | scrolls when taking damage. [potion of mutation]
 63489 | Zot:2    | Gained mutation: You passively dampen the noise of your
                  | surroundings. [potion of mutation]
 63490 | Zot:2    | Lost mutation: Your muscles are strong. (Str +2) [potion of
                  | mutation]
 63490 | Zot:2    | Lost mutation: You passively dampen the noise of your
                  | surroundings. [potion of mutation]
 63490 | Zot:2    | Lost mutation: You have a somewhat thin skeletal structure.
                  | (Dex +2, Stealth+) [potion of mutation]
 63490 | Zot:2    | Gained mutation: You are somewhat resistant to further
                  | mutation. [potion of mutation]
 63490 | Zot:2    | Gained mutation: You have sharp fingernails. [potion of
                  | mutation]
 63551 | Zot:2    | Identified the +0 helmet "Lozeg" {*Slow rElec rC+ Will++
                  | Regen+}
 63612 | Zot:2    | Identified the +7 morningstar of the Hierophant {vorpal,
                  | Int+2}
 63843 | Zot:2    | Reached XP level 27. HP: 231/239 MP: 19/19
 65093 | Vaults:3 | Bought a +0 cloak of preservation for 172 gold pieces
 67106 | Elf:1    | Found Liuv's Assorted Antiques.
 67361 | D:12     | Bought the ring "Tefam" {rC++ EV+4 Str+3 Dex+2} for 1065
                  | gold pieces
 67616 | Pan      | Entered Pandemonium
 67628 | Pan      | Received a gift from Trog
 67766 | Pan      | Noticed Peosch the pandemonium lord
 67779 | Pan      | Killed Peosch the pandemonium lord
 67796 | Pan      | Lost mutation: You are somewhat resistant to further
                  | mutation. [potion of mutation]
 67796 | Pan      | Lost mutation: You are frail. (-10% HP) [potion of
                  | mutation]
 67796 | Pan      | Gained mutation: You expend magic power (3 MP) to
                  | strengthen your wands. [potion of mutation]
 67796 | Pan      | Gained mutation: Your muscles are strong. (Str +2) [potion
                  | of mutation]
 67859 | Depths:2 | Escaped Pandemonium
 68413 | Zot:3    | Identified the +1 shortbow of Wampecua {venom, Contam rPois
                  | Int+3 Dex+5}
 69606 | Zot:4    | Received a gift from Trog
 70061 | Zot:4    | Acquired the +0 hat of Cheibriados's Envy {Int+2 Dex+4
                  | SInv}
 70483 | Zot:4    | Got Sif Muna's Compendium of the Unstable Snowflakes
 71342 | Pan      | Entered Pandemonium
 71840 | Pan      | Noticed Mennas
 71861 | Pan      | Killed Mennas
 71979 | Pan      | Noticed Wijuil the pandemonium lord
 71979 | Pan      | Gained mutation: Armour fits poorly on your strangely
                  | shaped body. [a neqoxec]
 71980 | Pan      | Gained mutation: Your magical capacity is very low. (-20%
                  | MP) [a neqoxec]
 72042 | Pan      | Killed Wijuil the pandemonium lord
 72224 | Pan      | Gained mutation: Your magical capacity is extremely low.
                  | (-30% MP) [a neqoxec]
 72806 | Pan      | Noticed Yzxeidics the pandemonium lord
 72828 | Pan      | Killed Yzxeidics the pandemonium lord
 73905 | Pan      | Found a transporter.
 74204 | Pan      | Found a transporter.
 74222 | Pan      | Lost mutation: Your muscles are strong. (Str +2) [a
                  | cacodemon]
 74315 | Pan      | Gained mutation: You are weak. (Str -2) [a neqoxec]
 74952 | Pan      | Received a gift from Trog
 74969 | Pan      | Got the Collected Works on Doomed Execration
 74975 | Pan      | Identified the ring of Finality {rPois Int+4 Dex+4}
 74988 | Pan      | Identified the amulet of Ucwipi {Reflect Will+ MP+9 SH+5}
 75051 | Pan      | Reached skill level 27 in Shields
 75062 | Pan      | Noticed Pateol the pandemonium lord
 75077 | Pan      | Killed Pateol the pandemonium lord
 75769 | Pan      | Found an exit through the horrors of the Abyss.
 76305 | Pan      | Took an exit into the Abyss.
 76305 | Abyss:1  | Escaped into the Abyss
 76451 | Abyss:1  | Received a gift from Trog
 76577 | Depths:3 | Escaped the Abyss
 76818 | Crypt:1  | Entered Level 1 of the Crypt
 77298 | Crypt:1  | Cast into level 2 of the Abyss (skeletal warrior)
 77303 | Crypt:1  | Escaped the Abyss
 77305 | Crypt:1  | Reached skill level 27 in Axes
 77775 | Crypt:2  | Received a gift from Trog
 77795 | Crypt:2  | Reached skill level 27 in Fighting
 78107 | Crypt:2  | Acquired 795 gold pieces
 78295 | Crypt:2  | Found a runed translucent gate.
 78298 | Crypt:2  | Noticed Alura's ghost (veteran MiBe)
 78299 | Crypt:2  | Found a runed translucent gate.
 78299 | Crypt:2  | Found a runed translucent gate.
 78385 | Crypt:2  | Killed Alura's ghost
 78556 | Crypt:3  | Entered Level 3 of the Crypt
 78603 | Crypt:3  | Received a gift from Trog
 78951 | Crypt:3  | Found a basalt altar of Yredelemnul.
 78951 | Crypt:3  | Noticed a dread lich
 78961 | Crypt:3  | Killed a dread lich
 79001 | Crypt:3  | Identified the +2 robe "Oforal" {-Tele rC+ rN+ rCorr}
 79078 | Crypt:3  | Found a staircase to the Tomb.
 79200 | Crypt:3  | Received a gift from Trog
 80037 | Pan      | Entered Pandemonium
 80131 | Pan      | Noticed Juelethr Ange the pandemonium lord
 80144 | Pan      | Killed Juelethr Ange the pandemonium lord
 80651 | Pan      | Entered the realm of Lom Lobon.
 81041 | Pan      | Identified the +7 war axe of Trog's Righteous Fury {flame,
                  | *Noise rElec Stlth+} (Trog gifted it to you in Pandemonium)
 81041 | Pan      | Received a gift from Trog
 81118 | Pan      | Noticed Lom Lobon
 81142 | Pan      | Killed Lom Lobon
 81235 | Pan      | Got a magical rune of Zot
 82472 | Pan      | Noticed Sibomul the pandemonium lord
 82492 | Pan      | Killed Sibomul the pandemonium lord
 82505 | Pan      | Received a gift from Trog
 83199 | Pan      | Noticed Emoesav the pandemonium lord
 83214 | Pan      | Killed Emoesav the pandemonium lord
 83701 | Pan      | Lost mutation: Armour fits poorly on your strangely shaped
                  | body. [potion of mutation]
 83701 | Pan      | Gained mutation: You are strong-willed. (Will+) [potion of
                  | mutation]
 83701 | Pan      | Lost mutation: Your magical capacity is extremely low.
                  | (-30% MP) [potion of mutation]
 83997 | Pan      | Lost mutation: Your magical capacity is very low. (-20% MP)
                  | [a neqoxec]
 84622 | Pan      | Received a gift from Trog
 84981 | Pan      | Noticed Ykaw the pandemonium lord
 84997 | Pan      | Gained mutation: You are robust. (+10% HP) [a cacodemon]
 85003 | Pan      | Gained mutation: Your magical capacity is very low. (-20%
                  | MP) [a cacodemon]
 85009 | Pan      | Gained mutation: You are very weak. (Str -4) [a cacodemon]
 85010 | Pan      | Gained mutation: You are dopey. (Int -2) [a cacodemon]
 85211 | Pan      | Found an exit through the horrors of the Abyss.
 85227 | Pan      | Killed Ykaw the pandemonium lord
 85264 | Pan      | Took an exit into the Abyss.
 85264 | Abyss:1  | Escaped into the Abyss
 85270 | Depths:2 | Escaped the Abyss
 85464 | Depths:4 | Voluntarily entered the Abyss.
 85887 | Abyss:1  | Reached skill level 10 in Maces & Flails
 86239 | Abyss:1  | Received a gift from Trog
 86746 | Abyss:1  | Received a gift from Trog
 87310 | Abyss:1  | Reached skill level 10 in Evocations
 87749 | Abyss:1  | Received a gift from Trog
 88744 | Abyss:1  | Paralysed by accursed screaming for 1 turns
 88758 | Abyss:1  | Paralysed by accursed screaming for 1 turns
 88765 | Abyss:1  | Reached skill level 15 in Maces & Flails
 88797 | Abyss:1  | Reached skill level 1 in Long Blades
 88874 | Abyss:1  | Received a gift from Trog
 89247 | Abyss:1  | Found an ornate altar of the Wu Jian Council.
 89361 | Abyss:1  | Killed Frances
 89510 | Abyss:1  | Received a gift from Trog
 89686 | Abyss:1  | Reached skill level 5 in Long Blades
 90358 | Abyss:2  | Received a gift from Trog
 90819 | Abyss:2  | Paralysed by accursed screaming for 1 turns
 91167 | Abyss:3  | Received a gift from Trog
 91294 | Depths:4 | Escaped the Abyss
 92028 | Depths:4 | Voluntarily entered the Abyss.
 92077 | Abyss:1  | Paralysed by accursed screaming for 1 turns
 92085 | Abyss:1  | Paralysed by accursed screaming for 1 turns
 92376 | Abyss:1  | Reached skill level 10 in Long Blades
 92768 | Abyss:1  | Received a gift from Trog
 92831 | Abyss:1  | Lost mutation: You are robust. (+10% HP) [a neqoxec]
 92833 | Abyss:1  | Gained mutation: You have a pair of large horns on your
                  | head. [a neqoxec]
 92835 | Abyss:1  | Lost mutation: You are dopey. (Int -2) [a neqoxec]
 92845 | Abyss:1  | Gained mutation: You occasionally shout uncontrollably at
                  | your foes. [a neqoxec]
 92856 | Abyss:1  | Gained mutation: Armour fits poorly on your strangely
                  | shaped body. [a neqoxec]
 92944 | Abyss:1  | Gained mutation: Your spells are a little easier to cast,
                  | but a little less powerful. [a neqoxec]
 92946 | Abyss:1  | Gained mutation: You have large cloven feet. [a neqoxec]
 93137 | Abyss:1  | Noticed a dread lich
 93145 | Abyss:1  | Killed a dread lich
 93146 | Abyss:1  | Reached skill level 15 in Long Blades
 93156 | Abyss:1  | Paralysed by accursed screaming for 1 turns
 93162 | Abyss:1  | Received a gift from Trog
 93485 | Abyss:1  | Identified the +5 kite shield of Summer {-Cast Rampage Fly}
 93899 | Abyss:1  | Found a basalt altar of Yredelemnul.
 94273 | Abyss:1  | Received a gift from Trog
 94398 | Abyss:1  | Identified the +8 shortbow "Cump" {flame, rPois rN+}
 94511 | Abyss:1  | Identified the +5 hunting sling of Superiority {vorpal,
                  | Fragile Int+2 Dex+4}
 94706 | Abyss:1  | Paralysed by accursed screaming for 1 turns
 94728 | Abyss:1  | Paralysed by accursed screaming for 1 turns
 95068 | Abyss:1  | Received a gift from Trog
 95141 | Abyss:2  | Found a shimmering blue altar of Sif Muna.
 95145 | Abyss:2  | Found a corrupted altar of Lugonu.
 95202 | Depths:4 | Escaped the Abyss
 95212 | Depths:4 | Voluntarily entered the Abyss.
 95555 | Abyss:1  | Found a corrupted altar of Lugonu.
 95703 | Abyss:1  | Received a gift from Trog
 95918 | Abyss:1  | Identified the +4 hat "Optom" {rElec Regen+}
 95987 | Abyss:1  | Noticed an ancient lich
 95993 | Abyss:1  | Lost mutation: Armour fits poorly on your strangely shaped
                  | body. [a cacodemon]
 96006 | Abyss:1  | Killed an ancient lich
 96208 | Abyss:1  | Identified the +10 lajatang "Wutwarch" {protect, rC++
                  | Int+5}
 96488 | Abyss:1  | Received a gift from Trog
 96513 | Abyss:1  | Lost mutation: You frequently scream uncontrollably at your
                  | foes. [a neqoxec]
 96811 | Abyss:1  | Lost mutation: You have sharp fingernails. [potion of
                  | mutation]
 96811 | Abyss:1  | Lost mutation: You have large cloven feet. [potion of
                  | mutation]
 96811 | Abyss:1  | Lost mutation: Your spells are a little easier to cast, but
                  | a little less powerful. [potion of mutation]
 96811 | Abyss:1  | Gained mutation: Your flesh is cold resistant. (rC+)
                  | [potion of mutation]
 96811 | Abyss:1  | Gained mutation: You have supernaturally acute eyesight.
                  | (SInv) [potion of mutation]
 96921 | Abyss:1  | Found a corrupted altar of Lugonu.
 97024 | Abyss:1  | Found a stormy altar of Qazlal.
 97049 | Depths:4 | Escaped the Abyss
 97055 | Depths:4 | Voluntarily entered the Abyss.
 97670 | Abyss:2  | Received a gift from Trog
 97881 | Abyss:2  | Found an opulent altar of Gozag.
 97910 | Abyss:2  | Found an opulent altar of Gozag.
 98262 | Abyss:2  | Received a gift from Trog
 98809 | Abyss:2  | Received a gift from Trog
 99029 | Abyss:2  | Paralysed by accursed screaming for 2 turns
 99036 | Abyss:2  | Paralysed by accursed screaming for 2 turns
 99375 | Abyss:2  | Received a gift from Trog
100097 | Abyss:2  | Received a gift from Trog
100495 | Abyss:2  | Found a corrupted altar of Lugonu.
100564 | Abyss:2  | Identified the +5 spear of the Eleven Priests {pain, rElec
                  | Str+5} (You found it on level 2 of the Abyss)
101421 | Abyss:2  | Gained mutation: Your body sometimes deteriorates upon
                  | taking damage. [a neqoxec]
101461 | Abyss:2  | Received a gift from Trog
101483 | Abyss:2  | Paralysed by you for 3 turns
101940 | Abyss:2  | Gained mutation: Your body often deteriorates upon taking
                  | damage. [a neqoxec]
102068 | Abyss:2  | Identified the +7 broad axe of Tortfeasance {vorpal, rF+
                  | SInv} (Trog gifted it to you on level 2 of the Abyss)
102068 | Abyss:2  | Received a gift from Trog
102812 | Abyss:3  | Received a gift from Trog
103037 | Abyss:3  | Gained mutation: You sometimes lose the ability to read
                  | scrolls when taking damage. [a neqoxec]
103050 | Abyss:3  | Paralysed by accursed screaming for 1 turns
103074 | Abyss:3  | Paralysed by accursed screaming for 1 turns
103343 | Abyss:3  | Received a gift from Trog
103451 | Abyss:3  | Gained mutation: Potions are less effective at restoring
                  | your health. [a neqoxec]
103635 | Depths:4 | Escaped the Abyss
103896 | Pan      | Entered the realm of Cerebov.
103896 | Pan      | Entered Pandemonium
103958 | Pan      | Found the +6 sword of Cerebov {flame}
103958 | Pan      | Noticed Cerebov
103984 | Pan      | HP: 12/273 [??? (6)]
103986 | Pan      | Killed from afar by Cerebov

Illustrated notes

Levels and vault maps discovered:
D:1:      dpeg_arrival_connections, layout_loops_corners,
          hellmonk_ecumenical_altar_heavens_door
D:2:      layout_basic
D:3:      layout_basic, mainiacjoe_overflow_brackets, grunt_dithmenos_smoke,
          tgw_kikubaaqudgha, interstate_on_off, uniq_jessica, uniq_robin
D:4:      layout_basic, grunt_ministairs_3
D:5:      kennysheep_six_static_rooms, layout_loops_corners,
          pdpol_temple_overflow_zin_treasury_gozag_greed,
          kb_xom_exploding_sheep, ebering_ghost_disaster_area, uniq_pikel,
          uniq_sigmund, uniq_prince_ribbit1
D:6:      layout_basic, mainiacjoe_overflow_concentric_impassable,
          kennysheep_small_square, uniq_blork_the_orc, uniq_crazy_yiuf_cottage,
          uniq_edmund
D:7:      layout_gridville, minmay_temple_entry_statues, roderic_serpentine_path
D:8:      layout_basic, nicolae_hepliaklqana_hazy_memory, uniq_grum
D:9:      layout_roguey, nicolae_overflow_crystal_walls, minmay_door_square
D:10:     layout_roguey, lemuel_mausoleum_altar_yredelemnul,
          nicolae_overflow_hidden_temple, mainiacjoe_overflow_cross_hatched,
          lair_entry_dummy, enter_trove_5
D:11:     layout_loops_cross, zombieorc2_lemuel
D:12:     layout_gridville, serial_glass, glass_columns_a, glass_columns_a,
          serial_shops, nicolae_square_shop, nicolae_shop_behind_doors,
          kennysheep_little_box, shop
D:13:     layout_long_grid, grunt_vaults_entry_fortified, argonaut_gorgonesque,
          uniq_frances, uniq_jorgrun
D:14:     layout_basic, serial_park_square1 [serial_park_minivault_5x5_2],
          kennysheep_dice, uniq_agnes
D:15:     grunt_enter_depths_snipers, layout_loops_cross,
          nzn_wu_jian_council_hall, gammafunk_ghost_ooze
Lair:1:   beast_lair_carwin_large_2, layout_chaotic_city, serial_bayou_shore_b,
          uniq_joseph
Lair:2:   layout_cave_pods
Lair:3:   lemuel_ratsnest, layout_hall_layers, spider_nest_entry_rubble,
          grunt_megastairs_3
Lair:4:   wander_river, layout_long_grid, elwin_shoals_entry_stream
Lair:5:   layout_concentric_octagons, uniq_sonja
Lair:6:   minmay_lair_end_enchanted_forest, layout_cave_shapes, slime_altar_2,
          lookout_lair_type, minmay_lair_oklob_bushes, nicolae_lair_yak_garden
Shoals:1: layout_shoals, uniq_mlioglotl
Shoals:2: layout_shoals, portal_ice_cave_entry_dragon
Shoals:3: layout_shoals, ebering_ghost_gozag, kb_tengu_band
Shoals:4: shoals_end_grunt_garden, layout_shoals
Spider:1: layout_spider_delve
Spider:2: layout_spider_delve
Spider:3: layout_spider_delve, guppyfry_spider_mini_1
Spider:4: grunt_spider_rune_circles, drop_trap, uniq_arachne, uniq_louise,
          uniq_asterion, uniq_bai_suzhen
Slime:1:  layout_caves, nicolae_slime_barrier,
          cheibrodos_slime_lost_civilization_7
Slime:2:  layout_caves
Slime:3:  layout_caves, cheibrodos_slime_lost_civilization_5
Slime:4:  layout_caves
Slime:5
Orc:1:    layout_diamond_mine, basic_altar, uniq_snorg
Orc:2:    grunt_orc_cross, layout_caves, nicolae_shop_firing_range
Elf:1:    elf_arrival_001, layout_geoelf_grid, serial_shops, shop,
          hangedman_elf_disciples, grunt_megastairs_5, uniq_kirke
Elf:2:    nicolae_elf_blades_crystal_corner, layout_gridlike, basic_altar,
          serial_shops, nicolae_lakefront_shop, minmay_shoptagon
Elf:3:    minmay_elf_hall_not_hex, layout_gridlike, serial_shops, shop
Vaults:1: nicolae_vaults_network_quincunx
          [nicolae_vaults_network_quincunx_subvault,
          nicolae_vaults_network_quincunx_subvault,
          nicolae_vaults_network_quincunx_subvault,
          nicolae_vaults_network_quincunx_subvault,
          nicolae_vaults_network_quincunx_subvault], hangedman_vaults_stitches,
          nicolae_vaults_bisected_exclaves, nicolae_vaults_yaktaur_gun_rack,
          hangedman_vaults_nails, vaults_dpeg_cross, dpeg_vaults_monster_box,
          vaults_room_semicircle, layout_vaults_omnigrid, uniq_aizul
Vaults:2: v_misc_25, ontoclasm_vaults_tryst, nicolae_vaults_lopsided_apartments,
          blue_anna_dwarven_crypt, nicolae_vaults_little_ls,
          nicolae_vaults_border_crossing, hangedman_vaults_trim,
          ontoclasm_vaults_loading_screen, ontoclasm_vaults_decontamination,
          layout_vaults_chaotic_city, serial_shops, nicolae_shop_trees
Vaults:3: vaults_room_pool, v_misc_2, ontoclasm_vaults_twist, v_misc_9,
          v_misc_11, ontoclasm_vaults_hangar, nicolae_vaults_c_with_doors,
          vaults_mumra_hexcomb, nicolae_vaults_diagonal_hallway_8,
          vaults_dpeg_ring, vaults_room_semicircle, layout_vaults_ring,
          serial_shops, shop, nicolae_shop_overgrown_old_shop,
          nicolae_shop_trees, shop, nicolae_shop_stone
Vaults:4: hangedman_vaults_hat, v_alt_pattern_1,
          nicolae_vaults_good_morning_starshine, vaults_dpeg_spiral,
          nicolae_vaults_network_star, ontoclasm_vaults_ring_large,
          v_alt_pattern_2, v_alt_pattern_6, grunt_vaults_trifunnel,
          nicolae_vaults_little_squares_3, hangedman_vaults_stretched_pinwheel,
          vaults_dpeg_diagonal, hangedman_vaults_maws, vaults_dpeg_encased_lava,
          layout_vaults_maze, serial_shops, bzr_entry_road
Vaults:5
Crypt:1:  layout_basic, grunt_ministairs_2, grunt_megastairs_4
Crypt:2:  layout_chaotic_city, ebering_ghost_rock_garden
Crypt:3:  cryptofortress_bobbens
Depths:1: layout_gridlike, hell_entry, minmay_misc_feat_columns,
          minmay_misc_feat_chi, hellmonk_guarded_unrand_dark_maul,
          infiniplex_staircase_pool_lava
Depths:2: wad_cavern_with_rooms, layout_basic, enter_ziggurat_e, hell_entry,
          nicolae_elyvilon_temple_path, pan_entry,
          minmay_hollow_rounded_squares, uniq_saint_roka, uniq_mara
Depths:3: minmay_polygon_palace, layout_cave_pools, hangedman_decor_slide_cut,
          rand_demon_pan_entry_1, hell_entry, uniq_nikola, uniq_boris
Depths:4: grunt_house_of_mirrors, layout_cave_pools, minmay_crystal_room,
          hell_entry, abyss_entry, kennysheep_generic_room_8
Depths:5: grunt_zot_entry_pinwheel, layout_gridlike,
          hangedman_abyss_entry_splay, pf_vacation_house_of_asmodeus
Hell
Zot:1:    layout_twisted_circle
Zot:2:    layout_onion, st_large_dragon_hoard_4
Zot:3:    layout_onion_interference
Zot:4:    kennysheep_bubbly, layout_concentric_octagons, grunt_ministairs_15,
          hangedman_player_shredder
Pan:      nicolae_pan_glass_arcs, layout_pan_divisions_a
          [pan_division_quadrant_a1, pan_division_quadrant_a6,
          pan_division_quadrant_a3, pan_division_quadrant_a3,
          pan_division_octagon_rings], pan_blood_fountain_small,
          nicolae_pan_sigil_nadil, nicolae_pan_sick_transit,
          lemuel_hellion_island, layout_cellular_growth,
          evilmike_mini_pan_corner, layout_pan_divisions_a
          [pan_division_quadrant_a6, pan_division_quadrant_a3,
          pan_division_quadrant_a6, pan_division_quadrant_a3,
          pan_division_octagon_rings], uniq_mennas_pan,
          nicolae_pan_cerebovesque_1, reaverb_pan_squares,
          nicolae_pan_glass_arcs, layout_chambers, pan_blood_fountain,
          gammafunk_its_a_trap, layout_gridlike, nicolae_pan_double_arrow,
          layout_chambers, grunt_pan_pentagram, layout_long_grid,
          pan_blood_fountain_small, nicolae_pan_lom_lobonic_1,
          lom_lobon_spiral_st, layout_pan_divisions_a [pan_division_quadrant_a4,
          pan_division_quadrant_a6, pan_division_quadrant_a1,
          pan_division_quadrant_a2, pan_division_octagon_box], rand_demon_2,
          layout_cellular_growth, evilmike_mini_pan_3x3, layout_basic,
          rand_demon_6, layout_rooms, pan_blood_fountain,
          nicolae_pan_mnolegish_2, cerebov, layout_pan_divisions_b
          [pan_division_quadrant_b4, pan_division_quadrant_b2,
          pan_division_quadrant_b2, pan_division_quadrant_b4],
          nicolae_pan_lom_lobonic_3

Skill      XL: |  1  2  3  4  5  6  7  8  9 10 11 12 13 14 15 16 17 18 19 20 21 22 23 24 25 26 27 |
---------------+----------------------------------------------------------------------------------+-----
Maces & Flails | 4 5 6 7 16 | 16.9
Fighting       | 4 5 6 7 8 10 11 13 14 15 16 17 18 19 20 21 22 23 24 25 27 | 27.0
Dodging        | 3 4 5 6 7 9 10 12 13 14 15 16 17 18 19 20 21 26 | 26.9
Armour         | 3 4 5 6 8 9 10 11 13 14 15 16 17 18 19 26 | 26.8
Axes           | 1 3 5 7 9 12 13 14 15 16 18 19 20 21 22 23 24 25 27 | 27.0
Stealth        | 1 2 3 4 6 8 |  8.8
Unarmed Combat | 1 |  1.2
Shields        | 1 2 5 8 10 11 12 13 14 15 16 17 18 19 20 21 22 24 27 | 27.0
Evocations     | 2 3 7 8 13 | 13.7
Throwing       | 1 3 6 8 9 10 12 | 12.6
Long Blades    | 26 | 26.7

Action                   |  1- 3 |  4- 6 |  7- 9 | 10-12 | 13-15 | 16-18 | 19-21 | 22-24 | 25-27 || total
-------------------------+-------+-------+-------+-------+-------+-------+-------+-------+-------++-------
Melee: Mace              |    82 |    80 |       |       |       |       |       |       |       ||   162
       Headbutt          |    11 |    23 |    22 |   133 |   225 |   285 |   348 |   431 |  2750 ||  4228
       Hand axe          |       |    35 |   137 |   485 |   298 |       |       |       |       ||   955
       Unarmed           |       |       |     9 |       |       |       |       |       |       ||     9
       Broad axe         |       |       |       |       |   733 |  1227 |  1096 |  1361 |  3591 ||  8008
       Eudemon blade     |       |       |       |       |       |       |       |       |  3475 ||  3475
       Eveningstar       |       |       |       |       |       |       |       |       |  1531 ||  1531
       Morningstar       |       |       |       |       |       |       |       |       |    38 ||    38
Throw: Dart              |       |       |       |     7 |       |    33 |       |       |   130 ||   170
       Boomerang         |       |       |       |       |     9 |   228 |       |       |   266 ||   503
       Javelin           |       |       |       |       |       |    77 |   140 |    98 |    75 ||   390
       Throwing net      |       |       |       |       |       |       |       |       |     5 ||     5
Invok: Berserk           |       |     4 |     6 |     5 |    22 |    22 |     8 |    12 |    33 ||   112
       Brothers in Arms  |       |       |       |       |    13 |    17 |     5 |     9 |    29 ||    73
       Trog's Hand       |       |       |       |       |     1 |     6 |       |     2 |    12 ||    21
Evoke: Wand              |       |       |    24 |    18 |    76 |    35 |    22 |    17 |    21 ||   213
       Lightning rod     |       |       |       |       |       |       |       |       |     1 ||     1
       Box of beasts     |       |       |       |       |       |       |       |       |     1 ||     1
       Phial of floods   |       |       |       |       |       |       |       |       |     1 ||     1
  Use: Scroll            |       |       |       |    13 |     8 |    17 |     1 |     4 |    33 ||    76
       Potion            |       |       |       |       |       |     4 |     2 |    10 |    27 ||    43
 Stab: Sleeping          |     1 |       |       |       |       |       |       |    14 |    13 ||    28
       Distracted        |       |       |       |       |       |     1 |       |     1 |    15 ||    17
       Held in net/web   |       |       |       |       |       |     1 |       |       |     1 ||     2
       Invisible         |       |       |       |       |       |       |       |       |     3 ||     3
       Petrifying        |       |       |       |       |       |       |       |       |     1 ||     1
Armor: Animal skin       |     4 |       |       |       |       |       |       |       |       ||     4
       Ring mail         |    31 |     3 |       |       |       |       |       |       |       ||    34
       Scale mail        |       |    10 |       |       |       |       |    73 |   273 |   210 ||   566
       Chain mail        |       |    35 |    48 |    81 |       |       |       |       |       ||   164
       Plate armour      |       |       |       |   112 |   415 |   652 |   225 |       |       ||  1404
       Gold dragon scale |       |       |       |       |       |       |       |       |  1441 ||  1441
Dodge: Dodged            |    64 |    48 |    55 |    99 |   387 |   758 |   490 |   512 |  2578 ||  4991
Block: Other             |       |     2 |    24 |     7 |       |       |       |       |       ||    33
       Reflection        |       |       |     3 |    20 |    18 |    86 |    65 |    72 |   131 ||   395
       Kite shield       |       |       |       |   312 |   582 |  1019 |   772 |   918 |  6480 || 10083

Table legend: (Time is in decaauts)
 A = Elapsed time spent in this place.
 B = Non-inter-level travel time spent in this place.
 C = Inter-level travel time spent in this place.
 D = Time resting spent in this place.
 E = Time spent auto-exploring this place.
 F = Levels seen in this place.
 G = Mean time per level.
                   A        B        C        D        E       F      G
               +--------+--------+--------+--------+--------+-----+--------+
         Total | 102118 |  90049 |  12069 |      0 |  61149 |  89 | 1147.4 |
       Dungeon |  20680 |  17270 |   3410 |      0 |  14468 |  15 | 1378.7 |
          Lair |   6396 |   5362 |   1034 |      0 |   4201 |   6 | 1066.0 |
        Shoals |   4005 |   3840 |    165 |      0 |   2130 |   4 | 1001.2 |
   Spider Nest |   4883 |   4578 |    305 |      0 |   3195 |   4 | 1220.8 |
    Slime Pits |   4341 |   4061 |    280 |      0 |   2339 |   5 |  868.2 |
  Orcish Mines |   1904 |   1270 |    634 |      0 |    820 |   2 |  952.0 |
   Elven Halls |   5009 |   3426 |   1583 |      0 |   2399 |   3 | 1669.7 |
        Vaults |   9184 |   7621 |   1563 |      0 |   5460 |   5 | 1836.8 |
         Crypt |   2800 |   2545 |    255 |      0 |   1731 |   3 |  933.3 |
        Depths |   8591 |   6389 |   2202 |      0 |   4428 |   5 | 1718.2 |
          Hell |      1 |      1 |      0 |      0 |      0 |   1 |    1.0 |
           Zot |   5715 |   5082 |    633 |      0 |   4074 |   4 | 1428.8 |
         Abyss |  17421 |  17421 |      0 |      0 |   8738 |  17 | 1024.8 |
   Pandemonium |  10212 |  10212 |      0 |      0 |   6833 |  12 |  851.0 |
        Bazaar |    160 |    160 |      0 |      0 |     86 |   1 |  160.0 |
         Trove |    202 |    202 |      0 |      0 |     83 |   1 |  202.0 |
      Ice Cave |    605 |    605 |      0 |      0 |    161 |   1 |  605.0 |
               +--------+--------+--------+--------+--------+-----+--------+

Top non-repeatable levels by time:
 Abyss:1: 9739 daAuts
 Abyss:2: 6254 daAuts
Vaults:4: 2557 daAuts
    D:13: 2415 daAuts
   Elf:1: 2182 daAuts
Depths:2: 2068 daAuts
Vaults:1: 1945 daAuts
Depths:5: 1900 daAuts
   Zot:4: 1899 daAuts
    D:12: 1861 daAuts
Vaults:2: 1838 daAuts
    D:15: 1829 daAuts
    D:10: 1699 daAuts
     D:5: 1655 daAuts
   Elf:3: 1651 daAuts
